 Dungeon Crawl Stone Soup version 0.15.1-3-g1b33baa (webtiles) character file.

267817 Johnny the Fighter (level 18, -18/138 HPs)
             Began as a Demigod Ice Elementalist on Oct 6, 2014.
             Killed from afar by a hellephant (54 damage)
             ... with a blast of flame
             ... on Level 1 of the Abyss on Oct 7, 2014.
             The game lasted 06:33:31 (77062 turns).

Johnny the Fighter (Demigod Ice Elementalist)      Turns: 77062, Time: 06:33:32

HP -18/138       AC 32     Str  8      XL: 18   Next: 65%
MP   5/34        EV 17     Int 29      God:
Gold 1033        SH  4     Dex 20      Spells: 10 memorised,  2 levels left

rFire  . . .     SeeInvis .     K - +6 flail (protect)
rCold  . . .     Rnd*Rage +     y - +6 leather armour of Pride {+Fly rPois}
rNeg   + . .     rCorr    .     g - +0 buckler {rN+}
rPois  +         rRot     .     a - +2 helmet
rElec  .         Spirit   .     u - +2 cloak
SustAb .         Warding  .     B - +2 pair of gloves {archery}
rMut   +         Stasis   .     b - +2 pair of boots {+Jump}
Gourm  .                        A - amulet of resist mutation
MR     +....                    l - +5 ring of protection
                                f - ring of wizardry

@: hasted, very quick, somewhat resistant to hostile enchantments, stealthy
A: berserk 1, blurry vision 1, deformed body, deterioration 1, frail 1, low mp
1, weak 2, no device heal 1
a: Evoke Flight, Evoke Jump Attack
}: 2/15 runes: barnacled, gossamer


You were on level 1 of the Abyss.
You were hungry.

You visited 7 branches of the dungeon, and saw 44 of its levels.
You visited the Abyss 2 times.
You also visited: Labyrinth, Sewer, Bailey, Ice Cave, Volcano and Wizlab.

You collected 5999 gold pieces.
You spent 4966 gold pieces at shops.

Inventory:

Hand weapons
 K - a +6 flail of protection (weapon)
Armour
 a - a +2 helmet (worn)
 b - a +2 pair of boots of jumping (worn)
 g - a +0 buckler of positive energy (worn)
 u - a +2 cloak (worn)
 y - the +6 leather armour of Pride (worn) {+Fly rPois}
   (You found it in a labyrinth)

   It protects you from poison.
   It lets you fly.
 B - a +2 pair of gloves of archery (worn)
Magical devices
 D - a wand of teleportation (3)
 E - a wand of invisibility (1)
 G - a wand of digging (10)
 M - a wand of lightning (5)
 X - a wand of paralysis (3)
 Y - a wand of heal wounds (4)
Comestibles
 c - 10 bread rations
Scrolls
 d - 8 scrolls of remove curse
 e - a scroll of blinking
 i - 9 scrolls of recharging
 k - 2 scrolls of vulnerability
 m - 3 scrolls of magic mapping
 n - 4 scrolls of fear
 o - 5 scrolls of fog
 C - 5 scrolls of amnesia
 N - 3 scrolls of identify
 P - 2 scrolls of silence
 Q - 2 scrolls of teleportation
Jewellery
 f - a ring of wizardry (left hand)
 l - a +5 ring of protection (right hand)
 s - the amulet of the Four Winds {Clar rN+ MR+++}
   (You took it off a merfolk on level 5 of the Shoals)

   [amulet of clarity]

   It provides mental clarity.
   It protects you from negative energy.
   It affects your resistance to hostile enchantments.
 w - an uncursed ring of stealth {unknown}
 A - an amulet of resist mutation (around neck)
Potions
 h - 2 potions of magic
 j - 9 potions of invisibility
 q - 5 potions of cancellation
 r - 2 potions of haste
 t - 2 potions of porridge
 z - 20 potions of curing
 H - 6 potions of agility
 O - a potion of flight
 T - a potion of might
 U - 2 potions of berserk rage
 V - 5 potions of brilliance
 W - 10 potions of restore abilities
 Z - a potion of resistance
Miscellaneous
 p - a phial of floods
 v - a stone of tremors
 x - a fan of gales
 R - a crystal ball of energy


   Skills:
 * Level 12.1 Fighting
 + Level 9.0 Armour
 + Level 9.1 Dodging
 + Level 9.7 Stealth
 * Level 11.6 Spellcasting
 - Level 8.8 Conjurations
   Level 7.9 Hexes
 * Level 9.1 Charms
 * Level 11.8 Summonings
 - Level 10.8 Ice Magic
 - Level 9.2 Air Magic
 + Level 9.1 Evocations


You had 2 spell levels left.
You knew the following spells:

 Your Spells              Type           Power        Failure   Level  Hunger
a - Freeze                Ice            ####         1%          1    None
b - Summon Ice Beast      Ice/Summ       ######..     1%          4    None
c - Haste                 Chrm           ######..     9%          6    #####..
d - Throw Icicle          Conj/Ice       ######..     1%          4    None
e - Regeneration          Chrm/Necr      #####.....   1%          3    None
f - Airstrike             Air            ######....   1%          4    None
g - Monstrous Menagerie   Summ           ######....   4%          6    #####..
h - Cure Poison           Pois           ###.......   4%          2    None
i - Summon Butterflies    Summ           ######..     1%          1    None
j - Summon Greater Demon  Summ           ######....   16%         7    ######.


Dungeon Overview and Level Annotations

Branches:
Dungeon (15/15)            Temple (0/1) D:4             Orc (4/4) D:9
    Elf (3/3) Orc:4          Lair (8/8) D:8          Shoals (5/5) Lair:5
 Spider (5/5) Lair:4        Slime (0/6) Lair:7       Vaults (4/5) D:14
  Crypt (0/3) Vaults:2     Depths (0/5) D:15

Shops:
D:10 (:   D:13 (   Orc:4 ?!}}!::((   Elf:2 (   Vaults:2 [

Annotations:
D:13 Erolcha


Innate Abilities, Weirdness & Mutations

[You tend to lose your temper in combat.]
[Your vision is a little blurry.]
[Armour fits poorly on your strangely shaped body.]
[Your body is slowly deteriorating.]
[You are frail (-10% HP).]
[Your magical capacity is low (-10% MP).]
[You are very weak. (Str -4)]
[Potions and wands are less effective at restoring your health.]


Message History

Press: ? - help, Shift-Dir - straight line, f - you You feel much better.
This wand has 4 charges left.
A chorus of shrieks assaults your mind. The hellephant tramples you.
You stumble backwards!
The starspawn tentacle grabs you. The starspawn tentacle constricts you.
Unknown command.
You escape the starspawn tentacle's grasp.
A deafening chorus of shrieks assaults your mind!
You suddenly lose the ability to move!
A starcursed mass splits.
You can move again.
Unknown command.
Unknown command.
Drink which item? (? for menu, Esc to quit)
You feel yourself speed up.
A deafening chorus of shrieks assaults your mind!
* * * LOW HITPOINT WARNING * * *
The starcursed mass completely misses you.
The hellephant breathes flames at you. The blast of flame hits you!
You die...

# # . # ##.. ##
... . # . ... #
.# . .##... ..#
# ..###..# # .
.##..)..#.# # .
#.X....ยง# .
####@## .
###XXY##### ..
. #.?.XXw***#
##...#X#...##*#
# #
##...#..#X**...
##.#..#..### #
. #...#.##.# .
#.#..#. ## .
.....' . .


You could see a hellephant, 5 starcursed masses and a tentacled starspawn.

Vanquished Creatures
  An ancient lich (WizLab)
  A lich (Vaults:4)
  A tengu reaver (Vaults:4)
  Ilsuiw (Shoals:5)
  2 frost giants
  A deep elf sorcerer (Vaults:4)
  An emperor scorpion (Spider:5)
  3 ghost moths
  A deep elf demonologist (Vaults:3)
  A stone giant (Vaults:2)
  A deep elf death mage (Vaults:4)
  A merfolk javelineer (Shoals:5)
  2 yaktaur captains
  2 ironheart preservers
  2 ogre magi (Vaults:2)
  2 merfolk aquamancers (Shoals:5)
  7 death yaks
  5 centaur warriors
  The ghost of CrazyArbalest the Slinger, an experienced HaFi of Makhleb (D:7)
  5 orc high priests (Orc:4)
  2 fire crabs
  A deep elf knight (Elf:1)
  2 shadow wraiths (Vaults:3)
  A hell knight (Vaults:4)
  3 skeletal warriors (Vaults:2)
  3 orb spiders
  A giant orange brain (Vaults:2)
  7 sea snakes
  An unseen horror (D:10)
  An ironbrand convoker (Vaults:2)
  7 deep elf summoners
  An ice statue (IceCv)
  A wizard (Vaults:3)
  6 hill giants
  10 wolf spiders
  9 orc knights
  A deep elf conjurer (Vaults:3)
  2 necromancers
  5 manticores
  2 ugly things (D:12)
  5 red wasps
  4 griffons
  4 harpies
  3 orc sorcerers
  7 cyclopes
  A faun (Shoals:4)
  A shining eye (Orc:4)
  A tengu skeleton (Vaults:2)
  4 elephants
  4 moths of wrath
  A vault sentinel (Vaults:2)
  An orange demon (Abyss:1)
  A feature mimic (D:13)
  A black mamba (Lair:1)
  A gargoyle (D:15)
  2 centaur skeletons
  3 spiny frogs
  3 komodo dragons
  A small abomination (Vaults:3)
  A kobold demonologist (Vaults:1)
  5 yaktaurs
  14 polar bears
  A freezing wraith (D:14)
  A red devil (D:13)
  8 jumping spiders
  A yaktaur skeleton (Vaults:2)
  9 merfolk
  A fire drake (Lair:6)
  3 deep elf priests
  4 trolls
  Sonja (D:10)
  A blink frog (Lair:8)
  A hydra skeleton (D:14)
  4 two-headed ogres
  2 boulder beetles
  16 redbacks
  12 trapdoor spiders
  2 water elementals
  2 human skeletons
  8 deep elf magi
  A neqoxec (Abyss:1)
  5 deep elf fighters
  10 tarantellas
  A fire bat (Volcano)
  7 hippogriffs
  A hill giant zombie (D:11)
  A hippogriff (shapeshifter) (Elf:1)
  A vampire (WizLab)
  3 hogs (Lair:8)
  15 yaks
  7 wolves
  An ogre zombie (D:15)
  7 water moccasins
  6 wargs
  2 hell hounds (Lair:8)
  The ghost of MBison the Charlatan, an average KoAr (Sewer)
  6 porcupines
  A deep troll skeleton (Vaults:2)
  2 yellow wasps (Spider:5)
  A black bear (D:8)
  A human simulacrum (Vaults:1)
  24 orc warriors
  A phantom (D:11)
  7 spiders
  6 sky beasts
  2 ice beasts
  10 ogres
  The ghost of CrazyArbalest the Covered, an average HaFi (D:3)
  2 big kobolds (Sewer)
  16 centaurs
  A brain worm (D:11)
  3 crocodiles
  A komodo dragon zombie (D:12)
  7 giant frogs
  A cyclops skeleton (D:15)
  2 scorpions
  5 killer bees (D:13)
  A troll skeleton (D:13)
  11 electric eels
  7 lava snakes (Volcano)
  6 crimson imps
  A goliath beetle (D:6)
  Dowan (D:9)
  12 orc wizards
  An elf zombie (D:13)
  A jelly (D:15)
  25 orc priests
  A basilisk skeleton (D:11)
  5 iguanas
  9 hounds
  5 worker ants
  An orange rat (Lair:8)
  10 sheep
  A crocodile skeleton (D:8)
  A mummy (D:12)
  A big kobold skeleton (D:5)
  Terence (D:3)
  A worker ant zombie (D:6)
  10 green rats
  18 adders
  2 orc skeletons
  6 giant mites
  4 gnolls
  2 shadow imps
  6 worms
  A white imp (Spider:1)
  An iguana zombie (D:11)
  An adder skeleton (D:4)
  An adder zombie (D:8)
  5 giant geckos
  5 oozes (Sewer)
  78 orcs
  9 giant cockroaches
  15 hobgoblins
  7 jackals
  22 kobolds
  6 ball pythons
  17 bats
  7 giant newts
  2 giant spores
  22 goblins
  A hobgoblin skeleton (D:6)
  A kobold skeleton (D:4)
  An orc zombie (D:5)
  11 quokkas
  19 rats
  7 ballistomycetes
  A crawling corpse (Vaults:3)
  A fungus (Lair:7)
812 creatures vanquished.

Vanquished Creatures (collateral kills)
  Margery (Vaults:4)
  Xtahua (Vaults:4)
  A Brimstone Fiend (Abyss:1)
  2 liches (Abyss:1)
  A deep elf blademaster (Elf:3)
  A titan (Vaults:4)
  An Executioner (Elf:3)
  A deep elf master archer (Elf:3)
  A sphinx (Elf:3)
  A tentacled starspawn (Abyss:1)
  An ancient champion (WizLab)
  4 vault wardens
  2 fire giants (Vaults:4)
  Donald (Vaults:4)
  Aizul (Spider:3)
  5 emperor scorpions
  2 deep elf sorcerers (Elf:3)
  The ghost of Dustman the Conjurer, a powerful DsCj of Jiyva (Spider:3)
  8 stone giants
  3 deep elf demonologists
  A war gargoyle (Vaults:3)
  2 very ugly things
  A grey draconian (shapeshifter) (Vaults:4)
  2 deep elf annihilators (Elf:3)
  A deep elf death mage (Elf:2)
  2 merfolk javelineers (Shoals:5)
  2 ettins (Vaults:3)
  Snorg (Spider:4)
  2 vault guards (Vaults:2)
  10 merfolk impalers
  3 fire dragons
  Josephine (Elf:1)
  A minotaur (Lab)
  8 yaktaur captains
  An ice dragon (Vaults:4)
  A deep elf high priest (Elf:3)
  A ravenous item mimic (Shoals:1)
  Fannar (D:10)
  11 ironheart preservers
  2 great orbs of eyes
  11 ogre magi
  6 hydras
  5 sirens
  3 centaur warriors
  8 merfolk aquamancers
  5 death yaks
  3 satyrs
  A deep troll earth mage (Vaults:1)
  2 deep troll shamans
  An orc high priest (Elf:2)
  An anaconda (shapeshifter) (Vaults:4)
  A thrashing horror (Abyss:1)
  Nergalle (D:15)
  A titan skeleton (Vaults:3)
  A hell beast (Abyss:1)
  15 skeletal warriors
  A large abomination (Abyss:1)
  7 deep elf knights
  6 deep trolls
  2 storm dragon skeletons (Vaults:2)
  6 orb spiders
  3 flayed ghosts
  2 hell knights (Vaults:4)
  The ghost of hcnick the Nimble, an experienced VSMo of Kikubaaqudgha (Bailey)
  8 sea snakes
  10 deep elf summoners
  4 hill giants
  10 ironbrand convokers
  7 deep elf conjurers
  28 ugly things
  A wizard (Vaults:3)
  2 orc sorcerers
  6 cyclopes
  A frost giant zombie (Vaults:3)
  10 fauns
  8 griffons
  A harpy (shapeshifter) (D:14)
  13 orc knights
  2 lindwurms (Lair:8)
  11 wolf spiders
  13 manticores
  3 necromancers
  7 water nymphs
  5 red wasps
  12 mermaids
  An oklob plant (Lair:7)
  12 elephants
  15 harpies
  5 drowned souls
  3 fire giant skeletons (Vaults:2)
  2 moths of wrath
  Joseph (D:10)
  A centaur zombie (D:12)
  A black mamba (Lair:4)
  A torpor snail (Spider:3)
  2 komodo dragons
  11 vault sentinels
  38 yaktaurs
  16 demonic crawlers
  4 kobold demonologists
  The ghost of ch1llma the Covert, an experienced SpEn (D:5)
  An item mimic (Lair:3)
  6 spiny frogs
  13 deep elf priests
  5 polar bears
  12 fire drakes
  7 jumping spiders
  2 yaktaur skeletons
  A hellwing (Elf:3)
  3 trolls
  9 slime creatures
  4 wind drakes
  3 stone giant simulacra
  49 merfolk
  22 two-headed ogres
  2 giant leeches (Lair:8)
  4 freezing wraiths
  A raiju (shapeshifter) (Vaults:4)
  2 human zombies (Vaults:4)
  8 boulder beetles
  12 snapping turtles
  A trapdoor spider (shapeshifter) (Vaults:4)
  5 basilisks
  11 blink frogs
  An ettin skeleton (Vaults:2)
  40 redbacks
  A tarantella (shapeshifter) (Elf:3)
  14 tarantellas
  A starcursed mass (Abyss:1)
  2 ynoxinuls (Abyss:1)
  9 water elementals
  A redback (shapeshifter) (Vaults:3)
  5 trapdoor spiders
  4 elf zombies (Elf:1)
  A wraith (Vaults:1)
  57 yaks
  3 vampires (WizLab)
  2 hill giant zombies (WizLab)
  A wyvern (Lair:6)
  31 deep elf fighters
  11 deep elf magi
  6 hogs (Lair:8)
  A steam dragon (Lair:8)
  A chaos spawn (Vaults:2)
  13 hippogriffs
  3 vampire mosquitoes (Vaults:2)
  5 wargs
  27 wolves
  3 hungry ghosts
  Edmund (D:6)
  A soldier ant (D:12)
  2 hell hounds (Lair:8)
  14 water moccasins
  6 black bears (Lair:8)
  A mottled dragon (Lair:4)
  26 spiders
  41 orc warriors
  2 tengu skeletons (D:14)
  A manticore zombie (D:11)
  2 boring beetles
  3 sky beasts
  2 yellow wasps (Spider:5)
  6 boggarts
  41 ogres
  17 centaurs
  12 porcupines
  A small abomination (Abyss:1)
  2 ice beasts (D:10)
  A manticore skeleton (D:14)
  3 phantoms
  4 brain worms (Lair:8)
  A lost soul (Vaults:4)
  Duvessa (D:9)
  4 big kobolds (D:14)
  13 giant frogs
  15 crocodiles
  A gnoll sergeant (D:5)
  6 human skeletons
  7 scorpions
  An eye of draining (D:14)
  6 troll zombies (WizLab)
  An elf simulacrum (Elf:1)
  9 killer bees
  14 wights
  12 hounds
  6 crimson imps
  2 goliath beetles
  A quasit (D:7)
  A human simulacrum (Vaults:2)
  A jelly (D:10)
  32 orc wizards
  12 orc priests
  A basilisk zombie (D:15)
  A spectral orc (D:15)
  3 centaur skeletons
  A two-headed ogre skeleton (D:9)
  4 worker ants
  2 iguanas (Lair:6)
  8 orange rats
  6 ogre zombies
  35 sheep
  14 adders
  3 gnolls (D:5)
  34 green rats
  A shadow imp (Spider:1)
  3 white imps
  15 worms
  4 ufetubi (Abyss:1)
  An orc zombie (D:7)
  A giant gecko (D:6)
  157 orcs
  11 goblins
  4 hobgoblins
  11 jackals
  8 kobolds
  2 quokkas
  4 bats (D:8)
  A giant cockroach (D:4)
  6 fungi
  2 plants
  3 starspawn tentacles (Abyss:1)
1569 creatures vanquished.

Vanquished Creatures (others)
  2 sphinxes
  2 blizzard demons
  A wretched star (Abyss:1)
  A deep elf knight (Elf:3)
  2 deep elf summoners (Elf:3)
  An orc knight (Orc:4)
  142 harpies
  69 lindwurms
  83 manticores
  A cyclops (D:13)
  12 drowned souls
  A smoke demon (Abyss:1)
  A tormentor (Elf:3)
  A hellwing (Abyss:1)
  A yaktaur (Vaults:3)
  A water elemental (Spider:5)
  A deep elf priest (Elf:3)
  A freezing wraith (Vaults:3)
  A polar bear (IceCv)
  2 air elementals
  2 two-headed ogres
  A human simulacrum (Vaults:4)
  2 deep elf magi
  4 yaks
  4 wolves (IceCv)
  A deep elf fighter (Elf:3)
  A small abomination (Abyss:1)
  A centaur (D:14)
  2 lost souls
  237 ice beasts
  A wight (WizLab)
  A crimson imp (D:15)
  An orange rat (Lair:8)
  2 ufetubi (Elf:3)
  An orc (D:10)
  2 giant spores
  8 fungi
  18 plants
  2 starspawn tentacles (Abyss:1)
  38 starspawn tentacle segments (Abyss:1)
655 creatures vanquished.

Grand Total: 3036 creatures vanquished

Notes
Turn   | Place    | Note
--------------------------------------------------------------
     0 | D:1      | Johnny, the Demigod Ice Elementalist, began the quest for the Orb.
     0 | D:1      | Reached XP level 1. HP: 14/14 MP: 3/3
   244 | D:1      | Reached XP level 2. HP: 5/22 MP: 4/4
   524 | D:1      | Found a glowing golden altar of the Shining One.
  1069 | D:2      | Reached XP level 3. HP: 27/27 MP: 8/8
  1136 | D:2      | Reached skill level 1 in Armour
  1498 | D:2      | Reached skill level 1 in Fighting
  1498 | D:2      | Reached skill level 3 in Ice Magic
  1615 | D:2      | Reached XP level 4. HP: 23/35 MP: 10/11
  1638 | D:2      | Learned a level 4 spell: Summon Ice Beast
  1833 | D:3      | Noticed CrazyArbalest's ghost (average HaFi)
  1847 | D:3      | Killed CrazyArbalest's ghost
  1847 | D:3      | Reached XP level 5. HP: 27/40 MP: 13/14
  1946 | D:3      | Found a snail-covered altar of Cheibriados.
  2107 | D:3      | Found a sparkling altar of Nemelex Xobeh.
  2178 | D:3      | Noticed Terence
  2374 | D:3      | Killed Terence
  2374 | D:3      | Reached skill level 1 in Summonings
  2399 | D:3      | Found a glowing drain.
  2404 | Sewer    | Entered a sewer
  2496 | Sewer    | Noticed MBison's ghost (average KoAr)
  2503 | Sewer    | Killed MBison's ghost
  2503 | Sewer    | Reached XP level 6. HP: 43/48 MP: 17/17
  3016 | Sewer    | Reached skill level 4 in Ice Magic
  3051 | D:3      | Reached XP level 7. HP: 30/56 MP: 19/19
  3342 | D:4      | Found a staircase to the Ecumenical Temple.
  4448 | D:5      | Entered Level 5 of the Dungeon
  4812 | D:5      | Reached XP level 8. HP: 61/63 MP: 21/21
  5009 | D:5      | Noticed ch1llma's ghost (experienced SpEn)
  5025 | D:5      | Killed ch1llma's ghost
  5025 | D:5      | Reached skill level 5 in Ice Magic
  5838 | D:6      | Noticed Edmund
  5857 | D:6      | Killed Edmund
  6241 | D:6      | Reached skill level 1 in Evocations
  6544 | D:7      | Learned a level 4 spell: Throw Icicle
  6578 | D:7      | Noticed CrazyArbalest's ghost (experienced HaFi)
  6608 | D:7      | Killed CrazyArbalest's ghost
  6608 | D:7      | Reached skill level 5 in Spellcasting
  6608 | D:7      | Reached skill level 1 in Conjurations
  6608 | D:7      | Reached XP level 9. HP: 72/72 MP: 14/24
  6689 | D:7      | Learned a level 6 spell: Poisonous Cloud
  6764 | D:7      | Found a basalt altar of Yredelemnul.
  6765 | D:7      | Found a sparkling altar of Nemelex Xobeh.
  6767 | D:7      | Found a bloodstained altar of Trog.
  7772 | D:8      | Reached skill level 1 in Air Magic
  7906 | D:8      | Found a staircase to the Lair.
  8423 | Lair:1   | Entered Level 1 of the Lair of Beasts
  8619 | Lair:1   | Noticed a griffon
  8652 | Lair:1   | Killed a griffon
  8652 | Lair:1   | Reached skill level 6 in Ice Magic
  8675 | Lair:1   | Noticed a spiny frog
  8685 | Lair:1   | Killed a spiny frog
  8685 | Lair:1   | Reached skill level 5 in Fighting
  8827 | Lair:1   | Noticed a black mamba
  8833 | Lair:1   | Killed a black mamba
  8833 | Lair:1   | Reached skill level 5 in Summonings
  8833 | Lair:1   | Reached XP level 10. HP: 49/81 MP: 15/26
  9734 | Lair:2   | Found a stormy altar of Qazlal.
 10485 | Lair:3   | Reached skill level 5 in Stealth
 10985 | Lair:3   | Learned a level 3 spell: Dazzling Spray
 11789 | Lair:4   | Noticed a seven-headed hydra
 11796 | Lair:4   | Killed a seven-headed hydra
 11933 | Lair:4   | Reached XP level 11. HP: 65/89 MP: 21/28
 12006 | Lair:4   | Noticed a six-headed hydra
 12020 | Lair:4   | Killed a six-headed hydra
 12148 | Lair:4   | Found a hole to the Spider Nest.
 12455 | Lair:4   | Reached skill level 1 in Hexes
 13248 | Lair:5   | Reached skill level 7 in Ice Magic
 13512 | Lair:5   | Found a staircase to the Shoals.
 14164 | Lair:6   | Reached skill level 5 in Dodging
 14324 | Lair:6   | Noticed a death yak
 14329 | Lair:6   | Noticed a death yak
 14331 | Lair:6   | Noticed a death yak
 14331 | Lair:6   | Noticed a death yak
 14357 | Lair:6   | Reached skill level 5 in Armour
 14361 | Lair:6   | Killed a death yak
 14368 | Lair:6   | Killed a death yak
 14370 | Lair:6   | Killed a death yak
 14370 | Lair:6   | Killed a death yak
 15690 | Lair:7   | Noticed a six-headed hydra
 15697 | Lair:7   | Killed a six-headed hydra
 15697 | Lair:7   | Reached skill level 5 in Conjurations
 15734 | Lair:7   | Reached XP level 12. HP: 92/97 MP: 19/29
 15924 | Lair:7   | Noticed a five-headed hydra
 15933 | Lair:7   | Killed a five-headed hydra
 15933 | Lair:7   | Reached skill level 5 in Air Magic
 16120 | Lair:7   | Found a viscous altar of Jiyva.
 16134 | Lair:7   | Found a staircase to the Slime Pits.
 16796 | Lair:8   | Entered Level 8 of the Lair of Beasts
 16802 | Lair:7   | Reached skill level 8 in Ice Magic
 18116 | Lair:8   | Learned a level 4 spell: Airstrike
 18562 | Lair:8   | Noticed a fire dragon
 18572 | Lair:8   | Killed a fire dragon
 19373 | Lair:8   | Noticed a seven-headed hydra
 19378 | Lair:8   | Killed a seven-headed hydra
 20000 | Lair:8   | Noticed a four-headed hydra
 20010 | Lair:8   | Killed a four-headed hydra
 20010 | Lair:8   | Reached XP level 13. HP: 105/107 MP: 25/31
 21434 | D:9      | Found a staircase to the Orcish Mines.
 21441 | D:9      | Noticed Duvessa
 21445 | D:9      | Noticed Dowan
 21447 | D:9      | Killed Dowan
 21449 | D:9      | Killed Duvessa
 21947 | Orc:1    | Entered Level 1 of the Orcish Mines
 22694 | Orc:2    | Found a dark tunnel.
 22703 | Volcano  | Entered a volcano
 23275 | Volcano  | Found a burning altar of Makhleb.
 23710 | Orc:3    | Reached skill level 5 in Evocations
 23923 | Orc:3    | Found a flagged portal.
 23939 | Bailey   | Entered a bailey
 23961 | Bailey   | Noticed hcnick's ghost (experienced VSMo)
 23973 | Bailey   | Killed hcnick's ghost
 24704 | Bailey   | Reached skill level 5 in Hexes
 25860 | Orc:4    | Entered Level 4 of the Orcish Mines
 25917 | Orc:4    | Found Qylausch's Gadget Boutique.
 25932 | Orc:4    | Found Luvituta's Gadget Emporium.
 25934 | Orc:4    | Found Asir's Magic Scroll Shoppe.
 25955 | Orc:4    | Bought a scroll of identify for 24 gold pieces
 25987 | Orc:4    | Found Dutsuxt's Distillery.
 25998 | Orc:4    | Bought a potion of curing for 28 gold pieces
 25998 | Orc:4    | Bought a potion of haste for 98 gold pieces
 25998 | Orc:4    | Bought a potion of heal wounds for 42 gold pieces
 25998 | Orc:4    | Bought a potion of curing for 28 gold pieces
 26182 | Orc:4    | Found a staircase to the Elven Halls.
 26225 | Orc:4    | Found Sheyle's Distillery.
 26257 | Orc:4    | Found a frozen archway.
 26262 | IceCv    | Entered an ice cave
 26605 | IceCv    | Reached skill level 9 in Ice Magic
 27397 | IceCv    | Noticed a frost giant
 27835 | IceCv    | Killed a frost giant
 29224 | Orc:4    | Reached XP level 14. HP: 116/116 MP: 11/32
 29483 | Orc:4    | Found Qourchau's Weapon Shoppe.
 29483 | Orc:4    | Found Omurph's Book Emporium.
 29483 | Orc:4    | Found Utuorit's Antique Weapon Emporium.
 29483 | Orc:4    | Found Eqain's Book Emporium.
 30105 | Orc:4    | Bought a book of Wizardry for 450 gold pieces
 30105 | Orc:4    | Bought Sif Muna's Tome of the Ashen Entourage for 849 gold pieces
 30114 | Orc:4    | Learned a level 6 spell: Monstrous Menagerie
 30122 | Orc:4    | Learned a level 6 spell: Haste
 30698 | Orc:4    | Bought a potion of agility for 37 gold pieces
 30698 | Orc:4    | Bought a potion of agility for 37 gold pieces
 30698 | Orc:4    | Bought a potion of flight for 45 gold pieces
 30698 | Orc:4    | Bought a potion of invisibility for 82 gold pieces
 30698 | Orc:4    | Bought a potion of porridge for 15 gold pieces
 30698 | Orc:4    | Bought a potion of curing for 30 gold pieces
 30698 | Orc:4    | Bought a potion of restore abilities for 45 gold pieces
 30843 | Orc:4    | Bought 2 potions of invisibility for 154 gold pieces
 30843 | Orc:4    | Bought a potion of magic for 77 gold pieces
 30843 | Orc:4    | Bought a potion of agility for 35 gold pieces
 30865 | Orc:4    | Bought a scroll of enchant armour for 90 gold pieces
 30865 | Orc:4    | Bought a scroll of remove curse for 36 gold pieces
 30865 | Orc:4    | Bought a scroll of enchant armour for 90 gold pieces
 30865 | Orc:4    | Bought a scroll of remove curse for 36 gold pieces
 30865 | Orc:4    | Bought a scroll of recharging for 114 gold pieces
 30865 | Orc:4    | Bought a scroll of holy word for 90 gold pieces
 30865 | Orc:4    | Bought a scroll of remove curse for 36 gold pieces
 30865 | Orc:4    | Bought a scroll of amnesia for 42 gold pieces
 30865 | Orc:4    | Bought a scroll of remove curse for 36 gold pieces
 31117 | Spider:1 | Entered Level 1 of the Spider Nest
 31469 | Spider:1 | Got a slimy leather armour
 31489 | Spider:1 | Identified the +0 leather armour of Boredom {rPois Stlth+} (You found it on level 1 of the Spider Nest)
 31515 | Spider:1 | Reached skill level 1 in Charms
 33242 | D:10     | Entered Level 10 of the Dungeon
 33322 | D:10     | Found Jenocenn's Book Emporium.
 33349 | D:10     | Got a bloodstained ring mail
 33360 | D:10     | Identified the cursed +0 ring mail "Claica Taito" {Dex+3 Int+3} (You found it on level 10 of the Dungeon)
 33385 | D:10     | Noticed Fannar
 33793 | D:10     | Noticed Joseph
 33805 | D:10     | Killed Joseph
 33908 | D:10     | Noticed Sonja
 33964 | D:10     | Killed Fannar
 34243 | D:10     | Killed Sonja
 34466 | D:10     | Found Yleph's Antique Weapon Shoppe.
 36810 | D:13     | Found Hatowaor's Assorted Antiques.
 36822 | D:13     | Hatowaor's Assorted Antiques was a mimic.
 37080 | D:13     | Found Wanim's Food Shoppe.
 37271 | D:13     | Found Doizoc's Antique Weapon Shop.
 38074 | D:13     | Noticed Erolcha
 38692 | D:14     | Got a fine arbalest
 38693 | D:14     | Identified the +2 arbalest of the Sage {penet, +Fly rElec rN+ MR+} (You found it on level 14 of the Dungeon)
 39160 | D:14     | Found a gate to the Vaults.
 40243 | Spider:2 | Identified a scroll of acquirement
 40880 | Spider:2 | Reached XP level 15. HP: 77/124 MP: 12/34
 41458 | Spider:3 | Noticed Dustman's ghost (powerful DsCj)
 41469 | Spider:3 | Killed Dustman's ghost
 41634 | Spider:3 | Noticed Aizul
 41910 | Spider:3 | Killed Aizul
 43612 | Spider:4 | Noticed Snorg
 43618 | Spider:4 | Killed Snorg
 44130 | Spider:5 | Entered Level 5 of the Spider Nest
 44450 | Spider:5 | Got a steaming hand axe
 44454 | Spider:5 | Identified the +6 hand axe of the Hall of Blades {drain, rPois} (You found it on level 5 of the Spider Nest)
 45884 | Shoals:1 | Entered Level 1 of the Shoals
 47122 | Shoals:2 | Reached skill level 10 in Fighting
 47526 | Shoals:2 | Cast into the Abyss (merfolk)
 47625 | Abyss:1  | Noticed a lich
 47645 | Abyss:1  | Killed a lich
 47836 | Shoals:2 | Escaped the Abyss
 50011 | Shoals:4 | Got a shimmering chain mail
 50022 | Shoals:4 | Identified the cursed +4 chain mail of the Leaf {Slay+4} (You found it on level 4 of the Shoals)
 50114 | Shoals:4 | Reached skill level 5 in Charms
 50114 | Shoals:4 | Reached XP level 16. HP: 127/134 MP: 22/35
 50979 | Shoals:5 | Entered Level 5 of the Shoals
 51319 | Shoals:5 | Reached skill level 10 in Ice Magic
 51673 | Shoals:5 | Reached skill level 10 in Summonings
 51855 | Shoals:5 | Got a barnacled rune of Zot
 52179 | Shoals:5 | Noticed Ilsuiw
 52612 | Shoals:5 | Killed Ilsuiw
 52902 | Shoals:5 | Reached skill level 10 in Spellcasting
 54729 | Lair:4   | Learned a level 7 spell: Spellforged Servitor
 54740 | Lair:4   | Learned a level 2 spell: Cure Poison
 54742 | Lair:4   | Learned a level 1 spell: Summon Butterflies
 55085 | D:13     | Bought 2 fruits for 30 gold pieces
 55085 | D:13     | Bought 2 fruits for 30 gold pieces
 55085 | D:13     | Bought a meat ration for 50 gold pieces
 55085 | D:13     | Bought 3 fruits for 45 gold pieces
 55085 | D:13     | Bought a bread ration for 50 gold pieces
 55173 | D:15     | Entered Level 15 of the Dungeon
 55236 | D:15     | Noticed Nergalle
 55262 | D:15     | Killed Nergalle
 55332 | D:15     | Found a labyrinth entrance.
 55336 | Lab      | Entered a labyrinth
 55509 | Lab      | Got a jewelled leather armour
 55524 | Lab      | Identified the +6 leather armour of Pride {+Fly rPois} (You found it in a labyrinth)
 55531 | Lab      | Got a sheer robe
 55546 | Lab      | Identified the cursed -3 robe of the Ban {MR++ Curse} (You found it in a labyrinth)
 55567 | Lab      | Identified a +5 rod of inaccuracy (13/13) (You found it in a labyrinth)
 56384 | D:15     | Found a staircase to the Depths.
 56599 | D:15     | Found a stormy altar of Qazlal.
 57986 | Spider:5 | Got a gossamer rune of Zot
 58894 | Vaults:1 | Entered Level 1 of the Vaults
 61393 | Vaults:2 | Reached XP level 17. HP: 143/143 MP: 3/36
 61975 | Vaults:2 | Found Xos Ull's Armour Boutique.
 62041 | Vaults:2 | Reached skill level 11 in Fighting
 63604 | Vaults:2 | Got an uncursed transparent arbalest
 63608 | Vaults:2 | Identified the +12 arbalest "Bleateuczy" {velocity, SInv} (You took it off a yaktaur on level 2 of the Vaults)
 63679 | Vaults:2 | Got a smoking arbalest
 63681 | Vaults:2 | Identified the +6 arbalest "Enluycw" {elec, rC+ Dex+2} (You found it on level 2 of the Vaults)
 64174 | Vaults:2 | Found a staircase to the Crypt.
 67853 | Vaults:4 | Noticed Margery
 67872 | Vaults:4 | Killed Margery
 68208 | Vaults:4 | Noticed Xtahua
 68231 | Vaults:4 | Killed Xtahua
 68277 | Vaults:4 | Noticed Donald
 68477 | Vaults:4 | Noticed a lich
 68773 | Vaults:4 | Killed a lich
 69168 | Vaults:4 | Reached XP level 18. HP: 137/152 MP: 23/38
 69216 | Vaults:4 | Killed Donald
 71413 | Elf:1    | Entered Level 1 of the Elven Halls
 71678 | Elf:1    | Noticed Josephine
 71696 | Elf:1    | Killed Josephine
 71850 | Elf:1    | Found a radiant altar of Vehumet.
 72806 | Orc:4    | Bought a book of Battle for 680 gold pieces
 73756 | D:10     | Bought a Grand Grimoire for 1435 gold pieces
 73811 | D:8      | Learned a level 3 spell: Regeneration
 73819 | D:8      | Learned a level 7 spell: Summon Greater Demon
 73949 | Elf:2    | Found Nalai's Antique Weapon Boutique.
 74248 | Elf:2    | Found a magical portal.
 74264 | WizLab   | Entered Zonguldrok's Shrine
 74658 | WizLab   | Noticed an antique lich
 74665 | WizLab   | Noticed a Brimstone Fiend
 74683 | WizLab   | Killed an antique lich
 74822 | Elf:2    | Reached skill level 12 in Fighting
 75706 | Elf:3    | Entered Level 3 of the Elven Halls
 76691 | Elf:3    | Cast into the Abyss (miscasting Summon Greater Demon)
 76966 | Abyss:1  | Noticed a Brimstone Fiend
 77011 | Abyss:1  | Killed a Brimstone Fiend
 77061 | Abyss:1  | Paralysed by accursed screaming for 1 turns
 77062 | Abyss:1  | Killed from afar by a hellephant

Action                   |  1- 3 |  4- 6 |  7- 9 | 10-12 | 13-15 | 16-18 || total
-------------------------+-------+-------+-------+-------+-------+-------++-------
Melee: Spear             |    89 |    74 |   194 |       |       |       ||   357
       Unarmed           |     1 |       |       |       |       |       ||     1
       Flail             |       |       |   203 |   424 |   961 |   512 ||  2100
 Fire: Arbalest          |       |       |       |       |       |    49 ||    49
 Cast: Freeze            |    38 |   123 |    80 |    90 |    36 |    67 ||   434
       Summon Ice Beast  |       |       |    97 |   301 |   349 |    65 ||   812
       Throw Icicle      |       |       |       |    55 |   468 |   183 ||   706
       Airstrike         |       |       |       |    10 |   256 |    61 ||   327
       Dazzling Spray    |       |       |       |     9 |     4 |       ||    13
       Monstrous Menager |       |       |       |       |   161 |   468 ||   629
       Spellforged Servi |       |       |       |       |       |     1 ||     1
       Summon Greater De |       |       |       |       |       |    10 ||    10
       Haste             |       |       |       |       |       |     4 ||     4
       Regeneration      |       |       |       |       |       |     4 ||     4
 Abil: Evoke Flight      |       |       |       |       |     4 |     2 ||     6
Evoke: Wand              |       |     3 |     5 |    31 |    43 |    28 ||   110
       Disc of storms    |       |       |       |       |     1 |       ||     1
       Phial of floods   |       |       |       |       |     1 |     3 ||     4
       Stone of tremors  |       |       |       |       |     1 |       ||     1
       Fan of gales      |       |       |       |       |       |     2 ||     2
       Crystal ball of e |       |       |       |       |       |     3 ||     3
  Use: Scroll            |       |     4 |     4 |    18 |    33 |    24 ||    83
       Potion            |       |       |       |       |    26 |    24 ||    50
 Stab: Sleeping          |     5 |     1 |     8 |    14 |     6 |     6 ||    40
       Distracted        |       |     1 |     5 |     9 |    16 |    14 ||    45
       Invisible         |       |       |       |       |       |     2 ||     2
       Paralysed         |       |       |       |       |       |     2 ||     2
       Confused          |       |       |       |       |       |     1 ||     1
  Eat: Chunk             |     2 |     1 |    20 |    41 |    96 |   148 ||   308
       Meat ration       |       |     1 |     1 |     1 |     3 |     5 ||    11
       Beef jerky        |       |       |     1 |     2 |    20 |     2 ||    25
       Fruit             |       |       |     4 |     7 |     6 |     9 ||    26
       Pizza             |       |       |     2 |     1 |    10 |       ||    13
       Bread ration      |       |       |       |     2 |     5 |     6 ||    13
       Royal jelly       |       |       |       |       |     1 |     3 ||     4
